 Dungeon Crawl Stone Soup version 0.20-a0-77-g476458c (webtiles) character file.

823 KristoblXynda the Chopper (level 7, 0/56 HPs)
             Began as a Hill Orc Skald on Nov 19, 2016.
             Was a Believer of Beogh.
             Slain by a quasit (1 damage)
             ... summoned by Eustachio
             ... on level 5 of the Dungeon.
             The game lasted 00:10:23 (5709 turns).

KristoblXynda the Chopper (Hill Orc Skald)          Turns: 5709, Time: 00:10:24

Health: 0/56       AC:  8    Str: 15    XL:     7   Next: 96%
Magic:  0/9        EV:  2    Int: 14    God:    Beogh [**....]
Gold:   182        SH:  0    Dex: -5 (10) Spells: 2 memorised, 3 levels left

rFire  . . .     SeeInvis .     y - +0 war axe
rCold  . . .     Gourm    .     j - +0 ring mail
rNeg   + . .     Faith    .     (no shield)
rPois  .         Spirit   +     (no helmet)
rElec  .         Reflect  .     (no cloak)
rCorr  .         Harm     .     i - +1 pair of gloves
MR     .....                    (no boots)
Stlth  ..........               b - amulet of guardian spirit
                                a - ring of wizardry
                                g - ring of positive energy

@: slowed, lost dexterity, very slow
A: no striking features
a: Smiting, Renounce Religion


You were on level 5 of the Dungeon.
You worshipped Beogh.
Beogh was pleased with you.
You were not hungry.

You visited 2 branches of the dungeon, and saw 6 of its levels.
You also visited: Sewer.

You collected 182 gold pieces.

Inventory:

Hand Weapons
 y - a +0 war axe (weapon)
Armour
 i - a +1 pair of gloves (worn)
 j - a +0 ring mail (worn)
Jewellery
 a - a ring of wizardry (right hand)
 b - an amulet of guardian spirit (around neck)
 g - a ring of positive energy (left hand)
Scrolls
 h - 4 scrolls of recharging
 k - a scroll of immolation
 o - a scroll of magic mapping
 s - 2 scrolls of fear
Potions
 l - a potion of magic
 n - 2 potions of flight
 q - a potion of agility
 t - a potion of heal wounds
 u - a potion of invisibility
 w - 5 potions of curing
 x - 2 potions of might
 z - a potion of brilliance
Books
 c - a book of Battle

   Spells                             Type                      Level
   a - Infusion                       Charms                       1
   b - Shroud of Golubria             Charms/Translocation         2
   c - Song of Slaying                Charms                       2
   d - Spectral Weapon                Hexes/Charms                 3
   e - Regeneration                   Charms/Necromancy            3
 r - a book of Necromancy

   Spells                             Type                      Level
   a - Pain                           Necromancy                   1
   b - Animate Skeleton               Necromancy                   1
   c - Vampiric Draining              Necromancy                   3
   d - Regeneration                   Charms/Necromancy            3
   e - Animate Dead                   Necromancy                   4
   f - Control Undead                 Necromancy                   4
Comestibles
 d - 8 bread rations
 m - 3 meat rations
 p - 2 fruits


   Skills:
 - Level 2.4 Fighting
 + Level 6.7 Axes
 + Level 5.7 Armour
 - Level 0.7 Dodging
 - Level 1.5 Spellcasting
 + Level 5.2 Charms


You had 3 spell levels left.
You knew the following spells:

 Your Spells              Type           Power        Failure   Level  Hunger
b - Regeneration          Chrm/Necr      #.........   21%         3    ####...
c - Spectral Weapon       Hex/Chrm       #.......     21%         3    ####...


Dungeon Overview and Level Annotations

Branches:
Dungeon (5/15)             Temple (1/1) D:4

Altars:
Ashenzari
Cheibriados
Dithmenos
Elyvilon
Fedhas
Gozag
Hepliaklqana
Makhleb
Nemelex Xobeh
Okawaru
Qazlal
Sif Muna
Trog
Vehumet
Xom
Yredelemnul
Zin
The Shining One

Annotations:
D:5 Eustachio


Message History

* * * LOW HITPOINT WARNING * * *
You feel clumsy.
The quasit claws you but does no damage. x2
Unknown command.
The bat hits you.
* * * LOW HITPOINT WARNING * * *
The quasit bites you but does no damage.
The quasit claws you but does no damage. x2
The river rat bites you but does no damage.
The quasit bites you.
* * * LOW HITPOINT WARNING * * *
You feel clumsy.
The quasit claws you but does no damage.
The quasit barely misses you.
As you read the scroll of fear, it crumbles to dust.
You assume a fearsome visage.
The bat looks frightened!
The river rat looks frightened!
The white imp is unaffected.
The quasit is unaffected.
The crimson imp is unaffected.
Eustachio looks frightened!
The quasit bites you.
You die...

,,,,,,,,,,........,,,,,,##...## #
****,*****,...#..##******#⌠.⌠####
*,* #,#.......* ##'##... *,*
#.#.#....,* #.##### *,*
*.._..$@.,* #..†... *,*
**#b#...#** #...... *,*
#...55#### #...... *,* ***#r.5..#
#...... *,* #.@...# #...... *,*
#.>%..# ##..... *,* #.....#
###### ****,******
#..################ *,,,,,,,,,*
#..# #........... *,,,,,,,,,*
#..# #..........# *,,,,,,,,,*
#..# #..........# *,,,,,,,,,*
#..# #..........#
*,,,,,,,..#####..# #..........#


You could see Eustachio (fleeing), a quasit, a crimson imp, a river rat
(fleeing), a white imp and a bat (fleeing).

Vanquished Creatures
  A sky beast (D:5)
  An ogre (D:4)
  A crimson imp (D:5)
  A quasit (D:5)
  A bullfrog skeleton (D:4)
  An orc priest (D:4)
  A hound (D:4)
  4 orc wizards
  3 worker ants
  A hound skeleton (D:4)
  A howler monkey skeleton (D:4)
  A howler monkey zombie (D:5)
  8 adders
  7 river rats (Sewer)
  A dart slug (D:2)
  6 leopard geckos
  17 orcs
  9 bats
  7 giant cockroaches
  6 goblins
  4 hobgoblins
  8 jackals
  28 kobolds
  A quokka (D:3)
  4 ball pythons (Sewer)
  3 frilled lizards
  23 rats
149 creatures vanquished.

Vanquished Creatures (others)
  An orc priest (D:4)
  2 orcs (D:4)
3 creatures vanquished.

Grand Total: 152 creatures vanquished

Notes
Turn   | Place    | Note
-------+----------+-------------------------------------------
     0 | D:1      | KristoblXynda the Hill Orc Skald began the quest for the Orb.
     0 | D:1      | Reached XP level 1. HP: 18/18 MP: 3/3
    18 | D:1      | Reached skill level 3 in Axes
    18 | D:1      | Reached XP level 2. HP: 15/25 MP: 4/4
   771 | D:1      | Reached XP level 3. HP: 30/30 MP: 5/5
  1392 | D:3      | Found a faded altar of an unknown god.
  1394 | D:3      | Reached XP level 4. HP: 20/37 MP: 6/6
  1625 | D:3      | Reached skill level 4 in Axes
  1625 | D:3      | Reached XP level 5. HP: 10/42 MP: 7/7
  1806 | D:3      | Learned a level 3 spell: Regeneration
  1810 | D:3      | Learned a level 3 spell: Spectral Weapon
  1864 | D:3      | Found an opulent altar of Gozag.
  2217 | D:3      | Noticed a water elemental
  2219 | D:3      | Found a stormy altar of Qazlal.
  2221 | D:3      | Noticed a fire elemental
  2221 | D:3      | Noticed an air elemental
  2413 | D:4      | Found a staircase to the Ecumenical Temple.
  2427 | Temple   | Entered the Ecumenical Temple
  2525 | D:4      | Reached XP level 6. HP: 32/50 MP: 8/8
  2744 | D:4      | Reached skill level 5 in Axes
  2770 | D:4      | Became a worshipper of Beogh the Brigand
  3247 | D:4      | Found a radiant altar of Vehumet.
  3485 | D:4      | Reached XP level 7. HP: 22/56 MP: 9/9
  3731 | D:5      | Entered Level 5 of the Dungeon
  3869 | D:5      | Reached skill level 5 in Armour
  3890 | D:5      | Reached skill level 6 in Axes
  3980 | D:5      | Found a glowing drain.
  3984 | Sewer    | Entered a sewer
  4192 | Sewer    | Reached * piety under Beogh
  4327 | Sewer    | HP: 1/56 [river rat (4)]
  4875 | Sewer    | Reached ** piety under Beogh
  5284 | D:5      | Lost dexterity.
  5289 | D:5      | Reached skill level 5 in Charms
  5326 | D:5      | Lost dexterity.
  5457 | D:5      | Gained mutation: You are dopey. (Int -2) [mutagenic meat]
  5458 | D:5      | Gained mutation: Scrolls take you a little longer to read. [mutagenic meat]
  5475 | D:5      | Lost mutation: You are dopey. (Int -2) [potion of cure mutation]
  5475 | D:5      | Lost mutation: Scrolls take you a little longer to read. [potion of cure mutation]
  5642 | D:5      | Found a glowing golden altar of the Shining One.
  5642 | D:5      | Found a white marble altar of Elyvilon.
  5689 | D:5      | Noticed Eustachio
  5692 | D:5      | Found a shattered altar of Ashenzari.
  5702 | D:5      | Lost dexterity.
  5708 | D:5      | HP: 1/56 [quasit[Eustachio] (2)]
  5709 | D:5      | Slain by a quasit

Vault maps used:
D:1:      erik_arrival_blinker_ship, st_stairs_4
D:3:      nicolae_gozag_cash_rules_everything_around_me, first_bread,
          chequers_ecumenical_altar_simple, nicolae_qazlal_style_of_elements
D:4:      vehumet_crystals
D:5:      lemuel_crystal_altar, lemuel_crystal_altar,
          gammafunk_temple_overflow_statue, gup_sewer_entry_spiral,
          uniq_eustachio
Temple:   cyrus_circular_temple
Sewer:    sewer_minmay_treatment

Skill      XL: |  1  2  3  4  5  6  7 |
---------------+----------------------+-----
Axes           | 3 4 5 6 |  6.7
Charms         | 3 4 5 |  5.2
Armour         | 2 3 4 5 |  5.7
Fighting       | |  2.4
Dodging        | |  0.7
Spellcasting   | |  1.5

Action                   |  1- 3 |  4- 6 |  7- 9 || total
-------------------------+-------+-------+-------++-------
Melee: Hand axe          |   111 |   146 |       ||   257
       War axe           |       |    66 |   270 ||   336
Invok: Convert to Beogh  |       |     1 |       ||     1
  Use: Potion            |       |     4 |     6 ||    10
       Scroll            |       |    11 |     8 ||    19
  Eat: Chunk             |     1 |     3 |     2 ||     6
       Beef jerky        |     1 |     1 |       ||     2
       Meat ration       |       |       |     2 ||     2
Armor: Leather armour    |    15 |       |       ||    15
       Ring mail         |    44 |    91 |   309 ||   444
       Skin              |       |       |    18 ||    18
Dodge: Dodged            |    83 |   126 |   244 ||   453
